Map: Newkirk Precinct TE (Void)

Players

YngFuture (Future) - Winner!

  • Race: Terran Terran
  • League: Grandmaster
  • Spawn Location: 5:00

Railgan

  • Race: Zerg Zerg
  • League: Grandmaster
  • Spawn Location: 7:00

VOD

Have the link to the VOD?

Description

Time

  • Played on: March 3, 2017, 4:02 p.m.
  • Length: 6:29
Show
View Real Time Build Order
Export as new Build Order

YngFuture Terran - Winner!

Build Orders: Reaper Expand 

Get SALT Encoding   

  12  0:00  SCV  
  13  0:12  SCV  
  14  0:17  Supply Depot  
  14  0:24  SCV  
  15  0:39  SCV  
  15  0:42  Barracks  
  16  0:44  Refinery  
  16  0:51  SCV  
  17  1:03  SCV  
  18  1:15  SCV  
  19  1:28  Reaper  
  19  1:29  Orbital Command  
  20  1:41  Command Center  
  20  1:52  Barracks  
  20  2:01  Barracks Reactor  
  20  2:04  SCV  
  21  2:09  Supply Depot  
  21  2:12  Refinery  
  21  2:17  SCV  
  22  2:24  Factory  
  22  2:29  SCV  
  23  2:39  Marine  
  23  2:42  Marine, Barracks Tech Lab  
  23  2:43  SCV  
  26  2:54  Orbital Command  
  26  2:57  Marine  
  27  2:59  Marine  
  27  3:00  SCV  
  29  3:06  Stimpack  
  29  3:13  Bunker  
  29  3:16  Marine  
  30  3:22  SCV x2  
  32  3:27  Marine  
  32  3:28  Marine  
  32  3:33  Cyclone  
  37  3:37  SCV  
  37  3:40  Marine  
  38  3:44  SCV  
  38  3:45  Marine  
  40  3:49  SCV  
  40  3:51  Supply Depot  
  41  3:56  SCV  
  41  4:01  SCV  
  43  4:08  SCV  
  44  4:13  Factory Reactor  
  44  4:14  Marine x2, SCV  
  44  4:15  Starport  
  42  4:19  Marine  
  42  4:20  SCV  
  44  4:26  SCV  
  42  4:32  Marine, SCV  
  42  4:35  Marine  
  42  4:38  SCV  
  42  4:40  Marine  
  42  4:44  SCV  
  42  4:50  Marine, SCV  
  44  4:56  Marine, SCV  
  44  4:58  Marine  
  39  5:07  Marine  
  39  5:09  Medivac  
  39  5:12  Medivac  
  42  5:14  Marine  
  37  5:29  Marine  
  37  5:32  Marine  
  37  5:34  SCV x2  
  40  5:40  Marine  
  39  5:46  SCV x2  
  39  5:47  Marine  
  42  5:56  Marine  
  39  5:58  Marine, SCV  
  37  6:04  Marine  
  38  6:12  SCV x2  
  38  6:13  Factory Tech Lab  
Show
View Real Time Build Order
Export as new Build Order

Railgan Zerg 

Build Orders: Pool First 

Get SALT Encoding   

  12  0:01  Drone  
  13  0:13  Overlord  
  13  0:19  Drone  
  14  0:31  Drone x2  
  14  0:33  Extractor  
  15  0:36  Drone  
  16  0:46  Drone  
  17  0:53  Spawning Pool  
  17  0:56  Drone  
  17  1:07  Drone  
  18  1:18  Drone  
  19  1:33  Drone  
  19  1:39  Queen  
  20  1:41  Metabolic Boost  
  20  1:44  Roach Warren  
  20  1:45  Zergling x2  
  22  2:01  Hatchery  
  22  2:04  Drone  
  22  2:10  Overlord  
  22  2:20  Overlord  
  22  2:30  Roach  
  22  2:34  Roach  
  25  2:45  Roach  
  25  2:50  Roach x3  
  33  2:58  Roach  
  35  3:08  Zergling x2  
  36  3:14  Overlord  
  36  3:20  Zergling x2  
  36  3:22  Ravager  
  38  3:29  Zergling x4  
  40  3:36  Zergling x2  
  40  3:41  Zergling x2  
  42  3:42  Ravager  
  42  3:43  Zergling x2  
  42  3:45  Zergling x4  
  42  3:46  Zergling x2  
  47  3:52  Overlord  
  47  3:57  Zergling x2  
  47  4:09  Zergling x2  
  40  4:11  Zergling x2  
  40  4:13  Zergling x4  
  40  4:20  Zergling x2  
  40  4:21  Zergling x2  
  42  4:28  Zergling x2  
  42  4:30  Zergling x2  
  38  4:36  Zergling x2  
  38  4:37  Zergling x6  
  40  4:40  Roach  
  41  4:46  Roach  
  41  4:50  Zergling x2  
  43  4:55  Zergling x2  
  43  5:02  Zergling x2  
  40  5:10  Zergling x2  
  40  5:11  Zergling x6  
  43  5:15  Ravager x2  
  43  5:16  Roach  
  47  5:26  Zergling x2  
  43  5:33  Zergling x2  
  40  5:36  Roach  
  40  5:40  Zergling x4  
  40  5:46  Roach x2  
  43  5:52  Zergling x2  
  43  5:53  Zergling x4  
  45  6:00  Zergling x2  
  45  6:03  Roach  
  42  6:12  Ravager  
Tags
 
Add a new tag
Caveats
  • Supply blocks, unpowered buildings, or Contaminate may cause inaccurate times.
  • Supply counts are checked every 10 seconds.